 Dungeon Crawl Stone Soup version 0.30-a0-377-g5cb311bc9f (webtiles) character file.

Game seed: 16462820983903595786

23 tio the Conjurer (level 3, 0/25 HPs)
             Began as a Human Conjurer on Nov 28, 2022.
             Slain by Terence
             ... wielding a +0 flail
              (1 damage)
             ... on level 2 of the Dungeon.
             The game lasted 00:16:26 (953 turns).

tio the Conjurer (Human Conjurer)                    Turns: 953, Time: 00:16:26

Health: 0/25       AC:  3    Str:  7    XL:     3   Next: 12%
Magic:  1/6        EV: 12    Int: 20    God:
Gold:   44         SH:  0    Dex: 11    Spells: 5/6 levels left

rFire   . . .      SeeInvis .    f - +1 dagger (drain)
rCold   . . .      Faith    .    (no shield)
rNeg    . . .      Spirit   .    a - +1 robe
rPois   .          Reflect  .    (no helmet)
rElec   .          Harm     .    (no cloak)
rCorr   .          Rampage  .    (no gloves)
Will    .....                    (no boots)
Stlth   ++........               (no amulet)
HPRegen 0.24/turn                (no ring)
MPRegen 0.10/turn                (no ring)

@: no status effects
A: no striking features
a: no special abilities


You were on level 2 of the Dungeon.
You visited 1 branch of the dungeon, and saw 2 of its levels.

You collected 44 gold pieces.

Inventory:

Hand Weapons
 d - a +0 mace
 f - a +1 dagger of draining (weapon)
Armour
 a - a +1 robe (worn)
Magical Staves
 c - a staff of death
Potions
 b - a potion of magic


   Skills:
 + Level 0.4 Fighting
 + Level 0.2(0.3) Maces & Flails
 * Level 0.4 Staves
 + Level 2.0 Dodging
 + Level 2.2 Stealth
 * Level 0.4 Unarmed Combat
 + Level 2.1 Spellcasting
 + Level 4.2 Conjurations
 * Level 0.8 Necromancy


You had 5 spell levels left.
You knew the following spells:

 Your Spells              Type           Power      Damage    Failure   Level
a - Magic Dart            Conj           76%        1d6       2%          1

Your spell library contained the following spells:

 Spells                   Type           Power      Damage    Failure   Level
 Searing Ray              Conj           38%        2d5       4%          2
 Necrotise                Necr           20%        1d5       12%         1
 Apportation              Tloc           4%         N/A       16%         1
 Summon Small Mammal      Summ           8%         N/A       16%         1
 Dazzling Flash           Conj/Hex       20%        N/A       19%         3
 Fulminant Prism          Conj/Hex       5%         3d6       54%         4
 Iskenderun's Mystic Bla  Conj/Tloc      10%        2d4       54%         4
 Olgreb's Toxic Radiance  Pois           2%         N/A       83%         4
 Ozocubu's Refrigeration  Ice            1%         4d7       100%        7
 Ignition                 Fire           1%         3d3       100%        8


Dungeon Overview and Level Annotations

Branches:
Dungeon (2/15)

Altars:

Annotations:
D:2 Terence


Message History

The kobold closely misses you. Terence misses you.
You hit Terence but do no damage.
Terence is moderately wounded.
The kobold hits you but does no damage.
A rat comes into view.
Terence hits you with a +0 flail.
You hit Terence but do no damage.
Terence is moderately wounded.
The hobgoblin misses you. The kobold closely misses you.
Terence closely misses you.
You hit Terence but do no damage.
Terence is moderately wounded.
The endoplasm closely misses you. The kobold hits you with a +0 dagger.
The hobgoblin barely misses you. Terence barely misses you.
It was a potion of heal wounds.
You feel much better.
The endoplasm hits you but does no damage.
The kobold closely misses you. The hobgoblin barely misses you.
Terence hits you with a +0 flail.
You sense an unholy aura.
f - a +1 dagger of draining (weapon)
Terence hits you with a +0 flail. The endoplasm barely misses you.
The kobold misses you. The hobgoblin misses you.
You hit Terence but do no damage. You drain Terence.
Terence is moderately wounded.
The endoplasm freezes you.
You are frozen.
The rat closely misses you. The kobold misses you.
The hobgoblin hits you but does no damage.
Terence hits you with a +0 flail.
* * * LOW HITPOINT WARNING * * *
You hit Terence but do no damage. You drain Terence.
Terence is heavily wounded.
The endoplasm barely misses you. The rat bites you.
* * * LOW HITPOINT WARNING * * *
The hobgoblin hits you.
* * * LOW HITPOINT WARNING * * *
The kobold hits you with a +0 dagger.
* * * LOW HITPOINT WARNING * * *
Terence closely misses you. Terence attacks as you move away!
Terence hits you with a +0 flail.
You die...

..# ..# ...
#.# . ####.#
... ....######
.....#g@J....#
#..K@.....#
#.#r......#
.........#
#........<#
#.#.!.....#
#.......?.# #
##.###### ...


You could see Terence (very drained), an endoplasm, a hobgoblin, a kobold and a
rat.

Vanquished Creatures
  A dart slug (D:1)
  A ball python (D:1)
  A bat (D:1)
  2 endoplasms
  2 giant cockroaches (D:1)
  5 hobgoblins (D:1)
  A frilled lizard (D:1)
  3 goblins (D:1)
  2 kobolds (D:1)
18 creatures vanquished.

Notes
Turn   | Place    | Note
-------+----------+-------------------------------------------
     0 | D:1      | tio the Human Conjurer began the quest for the Orb.
     0 | D:1      | Reached XP level 1. HP: 13/13 MP: 3/3
   191 | D:1      | Reached XP level 2. HP: 19/19 MP: 0/5
   782 | D:1      | Reached XP level 3. HP: 22/25 MP: 4/6
   937 | D:2      | Noticed Terence
   952 | D:2      | HP: 1/25 [kobold/+0 dagger (2)]
   953 | D:2      | Slain by Terence

Illustrated notes

Levels and vault maps discovered:
D:1:      minmay_arrival_arboretum_large, layout_basic, glass_columns_c,
          minmay_pentomino_z4
D:2:      layout_loops_cross, basic_altar, shapermc_ecumenical_altar_venn,
          minmay_shallow_snake_nest, uniq_terence

Action                   || total
-------------------------++-------
Melee: Staff             ||    48
       Mace              ||     4
       Dagger            ||     2
 Cast: Magic Dart        ||    35
  Use: Scroll            ||     2
       Potion            ||     1
Armor: Robe              ||     9
       Plate armour      ||    35
Dodge: Dodged            ||    33

Table legend: (Time is in decaauts)
 A = Elapsed time spent in this place.
 B = Non-inter-level travel time spent in this place.
 C = Inter-level travel time spent in this place.
 D = Time resting spent in this place.
 E = Time spent auto-exploring this place.
 F = Levels seen in this place.
 G = Mean time per level.
                   A        B        C        D        E       F      G
               +--------+--------+--------+--------+--------+-----+--------+
         Total |    961 |    347 |    614 |      0 |    110 |   2 |  480.5 |
       Dungeon |    961 |    347 |    614 |      0 |    110 |   2 |  480.5 |
               +--------+--------+--------+--------+--------+-----+--------+

Top non-repeatable levels by time:
     D:1: 945 daAuts
     D:2: 16 daAuts
